 Dungeon Sprint DCSS version 0.27.1-34-g3ba077fa99 (webtiles) character file.

Game seed: 9652779161739788779

1488 Karpo the Imperceptible (level 8, -17/36 HPs)
             Began as a Spriggan Enchanter on Feb 8, 2022.
             Was an Initiate of Dithmenos.
             Shot with an arrow by a centaur warrior (23 damage)
             ... in the Dungeon (Sprint I: "Red Sonja").
             The game lasted 00:02:42 (543 turns).

Karpo the Imperceptible (Spriggan Enchanter)         Turns: 543, Time: 00:02:42

Health: -17/36     AC:  2    Str:  4    XL:     8   Next: 51%
Magic:  8/13       EV: 17    Int: 18    God:    Dithmenos [......]
Gold:   735        SH:  0    Dex: 16    Spells: 6/12 levels left

rFire    . . .     SeeInvis +   a - +1 dagger
rCold    . . .     Faith    .   (shield restricted)
rNeg     . . .     Spirit   .   b - +0 robe
rPois    .         Reflect  .   (helmet restricted)
rElec    .         Harm     .   (no cloak)
rCorr    .         Rampage  .   (gloves unavailable)
Will     +....     NoTele   +   (boots unavailable)
Stlth    +++++++++.             (no amulet)
HPRegen  0.12/turn              (no ring)
MPRegen  0.13/turn              (no ring)

@: studying Unarmed Combat, very quick
A: very small, no large weapons, unfitting armour, see invisible, speed 3
a: Renounce Religion


You were in the Dungeon.
You worshipped Dithmenos.
Dithmenos was noncommittal.
You visited 1 branch You collected 735 gold pieces.

Inventory:

Hand Weapons
 a - a +1 dagger (weapon)
 j - a +0 dagger of distortion
Missiles
 k - 5 curare-tipped darts
Armour
 b - a +0 robe (worn)
Wands
 i - a wand of digging (6)
Scrolls
 g - a scroll of brand weapon {unknown}
 h - a scroll of blinking
 l - a scroll of vulnerability {unknown}
Potions
 c - 4 potions of curing
 d - a potion of heal wounds
 e - a potion of haste
 f - 2 potions of magic
 m - a potion of brilliance {unknown}
 n - 2 potions of degeneration {unknown}


   Skills:
 - Level 1.1 Short Blades
 - Level 2.6 Dodging
 + Level 25.2 Stealth
 - Level 2.6 Spellcasting
 - Level 3.6 Hexes


You had 6 spell levels left.
You knew the following spells:

 Your Spells              Type           Power      Damage    Failure   Level
a - Corona                Hex            16%        N/A       3%          1
b - Ensorcelled Hibernat  Hex/Ice        16%        N/A       12%         2
c - Confusing Touch       Hex            15%        N/A       12%         3

Your spell library contained the following spells:

 Spells                   Type           Power      Damage    Failure   Level
 Tukima's Dance           Hex            15%        N/A       12%         3
 Dazzling Flash           Conj/Hex       16%        N/A       24%         3


Dungeon Overview and Level Annotations

Branches:
Dungeon (1/1)

Altars:
Cheibriados
Dithmenos
Elyvilon
Fedhas
Gozag
Hepliaklqana
Kikubaaqudgha
Nemelex Xobeh
Okawaru
Qazlal
Ru
Sif Muna
Trog
Uskayaw
Vehumet
Wu Jian
Yredelemnul
Zin
The Shining One

Shops:
D ![[


Innate Abilities, Weirdness & Mutations

You are very small and have problems with some larger weapons.
You are too small for most types of armour.
You have supernaturally acute eyesight. (SInv)
You cover ground extremely quickly. (Speed+++)


Message History

You enter the shallow water.
Moving in this stuff is going to be slow.
The centaur warrior shouts! x2
The centaur warrior wields a +0 longbow.
The centaur warrior shoots an arrow.
The arrow closely misses you. The centaur warrior hits you!
The centaur warrior kicks you.
Found an amethyst potion.
Unknown command.
The centaur warrior wields a +0 shortbow.
The centaur warrior shoots an arrow.
The arrow closely misses you.
There is an open door here.
Casting: Ensorcelled Hibernation (safe; 12% risk of failure)
Confirm with . or Enter, or press ? or * to list all spells.
Aiming: Ensorcelled Hibernation (safe; 12% risk of failure)
Press: ? - help, Shift-Dir - straight line, f - centaur warrior
Aim: a centaur warrior, wielding a +0 shortbow and quivering arrows (purple smoke, chance to affect: 23%)
The centaur warrior resists with almost no effort.
The centaur warrior unwields a +0 shortbow.
The centaur warrior barely misses you. The centaur warrior kicks you.
Casting: Ensorcelled Hibernation (safe; 12% risk of failure)
Confirm with . or Enter, or press ? or * to list all spells.
The spell is quite dangerous to cast (12% risk of failure)!
Continue anyway?
Uppercase [Y]es or [N]o only, please.
The spell is quite dangerous to cast (12% risk of failure)!
Continue anyway?
Uppercase [Y]es or [N]o only, please.
The spell is quite dangerous to cast (12% risk of failure)!
Continue anyway?
Your hands begin to glow red.
The centaur warrior hits you! The centaur warrior kicks you.
* * * LOW HITPOINT WARNING * * *
You hit the centaur warrior but do no damage.
The centaur warrior appears confused.
The centaur warrior looks very confused.
The centaur warrior hits you.
* * * LOW HITPOINT WARNING * * *
The centaur warrior kicks you.
* * * LOW HITPOINT WARNING * * *
You hit the centaur warrior but do no damage.
The centaur warrior shoots an arrow.
The arrow hits you!!
Ouch! That really hurt!
You die...

.#..'..#.)'..#
.').#.)'..#..+
.#####'#####'# ###
.####..#...#.####§$#
.#__####..##.#≈≈§§§#
.#_____##'#_.+§§≈c§+
⌠#_.∩...'..._#§c§c.#
##_..__##_.#'##§####
#_____###'#.#..@)###
##########.####c###.##
^.......'...'.....'(∩#
#++++####.÷.##########
###.### #.#'#.#
#.....# #...(.#
#######


You could see 2 centaur warriors.

Vanquished Creatures
  Sonja (D)
  A deep troll (D)
  Sigmund (D)
  A yak (D)
  An ogre (D)
  A jelly (D)
  Ijyb (D)
  A ballistomycete spore (D)
8 creatures vanquished.

Vanquished Creatures (others)
  A ballistomycete spore (D)
1 creature vanquished.

Grand Total: 9 creatures vanquished

Notes
Turn   | Place    | Note
-------+----------+-------------------------------------------
     0 | D        | Karpo the Spriggan Enchanter began the quest for the Orb.
     0 | D        | Reached XP level 1. HP: 9/9 MP: 5/5
     2 | D        | Noticed Ijyb
    12 | D        | Killed Ijyb
    13 | D        | Reached skill level 9 in Stealth
    13 | D        | Reached XP level 2. HP: 13/13 MP: 6/6
    53 | D        | Learned a level 2 spell: Ensorcelled Hibernation
    96 | D        | Noticed an ogre
    98 | D        | Killed an ogre
    99 | D        | Reached skill level 14 in Stealth
    99 | D        | Reached XP level 3. HP: 16/16 MP: 8/8
    99 | D        | Reached XP level 4. HP: 21/21 MP: 9/9
   107 | D        | Noticed Sigmund
   110 | D        | Killed Sigmund
   111 | D        | Reached skill level 18 in Stealth
   111 | D        | Reached XP level 5. HP: 24/24 MP: 10/10
   111 | D        | Reached XP level 6. HP: 28/28 MP: 11/11
   122 | D        | Found a shimmering blue altar of Sif Muna.
   123 | D        | Found an ornate altar of the Wu Jian Council.
   124 | D        | Found a radiant altar of Vehumet.
   159 | D        | Found Emacs's Armour Emporium.
   159 | D        | Found an ancient bone altar of Kikubaaqudgha.
   159 | D        | Found a hazy altar of Hepliaklqana.
   159 | D        | Found a hide-covered altar of Uskayaw.
   159 | D        | Found a basalt altar of Yredelemnul.
   159 | D        | Found an opulent altar of Gozag.
   159 | D        | Found a snail-covered altar of Cheibriados.
   159 | D        | Found a sacrificial altar of Ru.
   159 | D        | Found a shadowy altar of Dithmenos.
   159 | D        | Noticed a yak
   160 | D        | Found a stormy altar of Qazlal.
   160 | D        | Found a blossoming altar of Fedhas.
   160 | D        | Found a bloodstained altar of Trog.
   160 | D        | Found an iron altar of Okawaru.
   160 | D        | Found a glowing golden altar of the Shining One.
   160 | D        | Found a glowing silver altar of Zin.
   160 | D        | Found a white marble altar of Elyvilon.
   161 | D        | Killed a yak
   162 | D        | Reached skill level 20 in Stealth
   162 | D        | Found a sparkling altar of Nemelex Xobeh.
   168 | D        | Became a worshipper of Dithmenos the Shadowed
   186 | D        | Learned a level 3 spell: Confusing Touch
   189 | D        | Noticed Sonja
   193 | D        | Killed Sonja
   194 | D        | Reached skill level 23 in Stealth
   194 | D        | Reached XP level 7. HP: 32/32 MP: 12/12
   194 | D        | Reached XP level 8. HP: 36/36 MP: 13/13
   208 | D        | Found Qoesk's Distillery.
   500 | D        | Noticed a deep troll
   504 | D        | Killed a deep troll
   505 | D        | Reached skill level 25 in Stealth
   516 | D        | Found Filok's Armour Emporium.
   536 | D        | Noticed a centaur warrior
   536 | D        | Noticed a centaur warrior
   543 | D        | Shot with an arrow by a centaur warrior

Illustrated notes

Levels and vault maps discovered:
D:        dungeon_sprint_1 [red_sonja_temple_1, red_sonja_temple_small_1]

Skill      XL: |  1  2  3  4  5  6  7  8 |
---------------+-------------------------+-----
Stealth        | 9 14 18 23 25 | 25.2
Short Blades   | |  1.1
Dodging        | |  2.6
Spellcasting   | |  2.6
Hexes          | |  3.6

Action                   |  1- 3 |  4- 6 |  7- 9 || total
-------------------------+-------+-------+-------++-------
Melee: Dagger            |    10 |     4 |     4 ||    18
 Cast: Ensorcelled Hiber |       |     1 |     1 ||     2
       Confusing Touch   |       |       |     1 ||     1
  Use: Potion            |     1 |       |       ||     1
 Stab: Sleeping          |     1 |     4 |     2 ||     7
Armor: Robe              |     1 |       |       ||     1
Dodge: Dodged            |     3 |       |     3 ||     6
